 Dungeon Crawl Stone Soup version 0.20.0-10-g0535bb4 (webtiles) character file.

56 straycat the Skirmisher (level 3, -4/29 HPs)
             Began as a Vampire Fighter on June 5, 2017.
             Slain by Menkaure (12 damage)
             ... on level 5 of the Dungeon.
             The game lasted 00:04:58 (1037 turns).

straycat the Skirmisher (Vampire Fighter)           Turns: 1037, Time: 00:04:59

Health: -4/29      AC:  0    Str: 16    XL:     3   Next: 71%
Magic:  1/3        EV: 20    Int: 10    God:
Gold:   51         SH:  0    Dex: 18    Spells: 2/2 levels left

rFire    . . .     SeeInvis +   (weapon currently unavailable)
rCold    + . .     Gourm    .   (shield currently unavailable)
rNeg     + + .     Faith    .   (armour currently unavailable)
rPois    +         Spirit   .   (helmet currently unavailable)
rElec    .         Reflect  .   (cloak currently unavailable)
rCorr    .         Harm     .   (gloves currently unavailable)
MR       .....                  (boots currently unavailable)
Stlth    ++++......             (no amulet)
Regen    0.1/turn               (ring currently unavailable)
MPRegen  0.1/turn               (ring currently unavailable)

@: bat-form, flying, regenerating slowly, very quick
A: fangs 3, see invisible
a: End Transformation


You were on level 5 of the Dungeon.
You were thirsty.
You were in vampire-bat-form.
You visited 1 branch of the dungeon, and saw 4 of its levels.

You collected 51 gold pieces.

Inventory:

Hand Weapons
 a - a +0 rapier (melded)
 h - a +0 hunting sling
 o - a +0 spear
Missiles
 g - 61 stones (quivered)
 j - 26 bolts
 r - 21 arrows
Armour
 b - a +0 scale mail
 c - a +0 shield
 m - a +0 pair of boots (melded)
 p - a +0 ring mail (melded)
Scrolls
 f - 3 scrolls of identify {unknown}
 i - a scroll of noise {unknown}
 k - a scroll of recharging {unknown}
 q - a scroll of enchant weapon {unknown}
Potions
 d - 2 potions of might
 e - 20 potions of blood
 l - a potion of brilliance {unknown}
 n - a potion of cancellation {unknown}
 t - a potion of invisibility {unknown}
 u - a potion of heal wounds {unknown}
Books
 s - a book of Misfortune

   Spells                             Type                      Level
   a - Confusing Touch                Hexes                        1
   b - Confuse                        Hexes                        3
   c - Gell's Gravitas                Translocation                3
   d - Petrify                        Transmutation/Earth          4
   e - Metabolic Englaciation         Hexes/Ice                    5
   f - Yara's Violent Unravelling     Hexes/Transmutation          5


   Skills:
 + Level 3.1 Fighting
 - Level 2.1 Short Blades
 - Level 2.4 Armour
 * Level 2.5 Dodging
 + Level 2.4 Stealth
 - Level 2.6 Shields


You had 2 spell levels left.
You didn't know any spells.

Dungeon Overview and Level Annotations

Branches:
Dungeon (5/15)
 Temple: D:4-7

Altars:

Annotations:
D:5 Menkaure


Innate Abilities, Weirdness & Mutations

You heal slowly.
You have razor-sharp teeth.
You have supernaturally acute eyesight. (SInv)
((You can survive without breathing.))


Message History

Unknown command.
Menkaure shouts!
Menkaure mumbles some strange words.
Menkaure seems to speed up.
You are feeling thirsty.
Menkaure is nearby!
There is a stone staircase leading down here.
Menkaure hits you!!
Ouch! That really hurt!
You climb downwards.
There is a stone staircase leading up here.
You turn into a vampire bat.
Your +0 rapier melds into your body.
Your +0 pair of boots melds into your body.
Your +0 ring mail melds into your body.
Menkaure calls on the powers of darkness!
Your body is wracked with pain!
* * * LOW HITPOINT WARNING * * *
Menkaure closely misses you.
You reach down and open the door.
Menkaure hits you!
You die...

# #######.#
#.<.....#
#.##M...###
#..'b...+
####....#
#....#
#....#
#....#
#....#
######


You could see Menkaure.

Vanquished Creatures
  A gnoll (D:1)
  An adder skeleton (D:4)
  2 dart slugs (D:1)
  A leopard gecko (D:1)
  An orc (D:4)
  8 bats
  2 giant cockroaches (D:1)
  2 goblins (D:1)
  2 hobgoblins
  3 jackals (D:1)
  6 kobolds (D:1)
  A quokka (D:2)
  2 frilled lizards (D:1)
  6 rats (D:1)
38 creatures vanquished.

Notes
Turn   | Place    | Note
-------+----------+-------------------------------------------
     0 | D:1      | straycat the Vampire Fighter began the quest for the Orb.
     0 | D:1      | Reached XP level 1. HP: 17/17 MP: 1/1
   125 | D:1      | Reached skill level 1 in Dodging
   125 | D:1      | Reached skill level 1 in Stealth
   125 | D:1      | Reached XP level 2. HP: 18/23 MP: 2/2
   384 | D:1      | Reached XP level 3. HP: 28/28 MP: 3/3
   396 | D:1      | Reached skill level 3 in Fighting
   931 | D:2      | You fall through a shaft for 2 floors!
  1013 | D:4      | Noticed Menkaure
  1033 | D:5      | Entered Level 5 of the Dungeon
  1037 | D:5      | Slain by Menkaure

Skill      XL: |  1  2  3 |
---------------+----------+-----
Dodging        | 1 2 |  2.5
Stealth        | 1 2 |  2.4
Fighting       | 3 |  3.1
Short Blades   | |  2.1
Armour         | |  2.4
Shields        | |  2.6

Action                   || total
-------------------------++-------
Melee: Rapier            ||    96
       Bite              ||    12
 Abil: Bat Form          ||     1
 Stab: Sleeping          ||     1
Armor: Scale mail        ||    37
       Ring mail         ||    14
Dodge: Dodged            ||    66
